 Dungeon Crawl Stone Soup version 0.24-a0-471-g3302cd442e (webtiles) character file.

Game seed: 12742751038270977356

154 deorigin the Poker (level 5, -4/35 HPs)
             Began as a Merfolk Ice Elementalist on July 4, 2019.
             Killed from afar by an orc wizard (6 damage)
             ... with a puff of flame
             ... on level 2 of the Dungeon.
             The game lasted 00:09:51 (2939 turns).

deorigin the Poker (Merfolk Ice Elementalist)       Turns: 2939, Time: 00:09:51

Health: -4/35      AC:  7    Str:  9    XL:     5   Next: 36%
Magic:  6/8        EV: 13    Int: 14    God:
Gold:   179        SH:  0    Dex: 15    Spells: 3/8 levels left

rFire    . . .     SeeInvis .   e - +0 spear
rCold    . . .     Gourm    .   (no shield)
rNeg     . . .     Faith    .   q - +0 leather armour
rPois    .         Spirit   .   f - +2 helmet
rElec    .         Reflect  .   l - +0 cloak
rCorr    .         Harm     .   (no gloves)
MR       .....                  (no boots)
Stlth    ++........             (no amulet)
HPRegen  0.11/turn              (no ring)
MPRegen  0.11/turn              (no ring)

@: no status effects
A: change form in water, swift swim, stealthy swim
a: no special abilities


You were on level 2 of the Dungeon.
You were not hungry.

You visited 1 branch of the dungeon, and saw 3 of its levels.

You collected 179 gold pieces.

Inventory:

Hand Weapons
 e - a +0 spear (weapon)
 w - a +2 hunting sling of freezing
Missiles
 d - 9 poisoned darts
 j - 85 arrows
 s - 2 boomerangs
 x - 46 stones (quivered)
Armour
 a - a +0 robe
 f - a +2 helmet (worn)
 l - a +0 cloak (worn)
 q - a +0 leather armour (worn)
 r - a +0 ring mail
Jewellery
 b - a +3 ring of intelligence
Scrolls
 g - a scroll of immolation {unknown}
 o - a scroll of remove curse {unknown}
 p - a scroll of enchant armour {unknown}
 u - a scroll of fear {unknown}
Potions
 h - a potion of curing
 i - a potion of agility
 k - a potion of might
 m - a potion of haste
 n - a potion of lignification
 t - a potion of flight
Comestibles
 c - 6 rations
 v - 2 chunks of flesh


   Skills:
 * Level 4.3 Polearms
 - Level 3.6 Dodging
 - Level 2.2 Stealth
 - Level 0.8 Unarmed Combat
 - Level 2.1 Spellcasting
   Level 0.7 Conjurations
 * Level 1.8 Summonings
 - Level 4.0 Ice Magic


You had 3 spell levels left.
You knew the following spells:

 Your Spells              Type           Power        Failure   Level  Hunger
a - Freeze                Ice            ##..         6%          1    #......
b - Summon Ice Beast      Ice/Summ       #.......     69%         4    #####..

Your spell library contained the following spells:

 Spells                   Type           Power        Failure   Level  Hunger
 Throw Frost              Conj/Ice       #.....       19%         2    ###....
 Ozocubu's Armour         Chrm/Ice       #.......     41%         3    ###....
 Throw Icicle             Conj/Ice       #.......     77%         4    #####..


Dungeon Overview and Level Annotations

Branches:
Dungeon (3/15)

Altars:
Gozag


Message History

There is a stone staircase leading down here.
Unknown command.
Unknown command.
Unknown command.
You start resting.
Something hits you but does no damage.
Deactivating autopickup; reactivate with Ctrl-A.
Something hits you but does no damage.
Unknown command.
Something hits you.
* * * LOW HITPOINT WARNING * * *
Your magical contamination has completely faded away.
Unknown command.
Something hits you but does no damage.
You miss something. You hit something.
You hear some strange, mumbled words.
A puff of flame appears from out of thin air!
The puff of flame hits you.
You die...

#.......# #.....#
#.# ####.####
####.### #.# #...#
#.....# #.# ###.#
#.#.### #.#
#.######.._..# ##.##
#.#....###.#.# #...#
#.#.####.....# #.#.#
#.#.##.###.### #...#
#..[@.>##..#.# ##.##
###.#####.##.#####.#
#.#####.##.......#
#.......##########
#########


There were no monsters in sight!

Vanquished Creatures
  An orc wizard (D:2)
  5 adders
  A worm (D:3)
  3 dart slugs
  4 leopard geckos
  8 orcs
  4 giant cockroaches
  7 goblins
  3 hobgoblins
  6 kobolds
  2 quokkas
  7 bats
  7 frilled lizards
  5 rats
63 creatures vanquished.

Vanquished Creatures (others)
  An orc wizard (D:3)
1 creature vanquished.

Grand Total: 64 creatures vanquished

Notes
Turn   | Place    | Note
-------+----------+-------------------------------------------
     0 | D:1      | deorigin the Merfolk Ice Elementalist began the quest for
                  | the Orb.
     0 | D:1      | Reached XP level 1. HP: 13/13 MP: 3/3
   148 | D:1      | Reached XP level 2. HP: 19/19 MP: 0/5
   748 | D:2      | Reached skill level 1 in Polearms
   748 | D:2      | Reached XP level 3. HP: 24/24 MP: 1/6
  1009 | D:2      | Found an opulent altar of Gozag.
  1151 | D:2      | Reached XP level 4. HP: 28/30 MP: 1/7
  1431 | D:2      | Learned a level 4 spell: Summon Ice Beast
  1913 | D:3      | Reached skill level 1 in Summonings
  2208 | D:2      | Reached XP level 5. HP: 9/35 MP: 2/8
  2939 | D:2      | Killed from afar by an orc wizard

Levels and vault maps discovered:
D:1:      minmay_arrival_split_and_join, layout_basic,
          chequers_serial_rivers_small_a, minmay_tetromino_o2
D:2:      layout_loops_cross, first_ration,
          nicolae_gozag_cash_rules_everything_around_me
D:3:      layout_rooms, glass_columns_a, minmay_stone_trees_small

Skill      XL: |  1  2  3  4 |
---------------+-------------+-----
Dodging        | 3 |  3.6
Ice Magic      | 4 |  4.0
Polearms       | 1 2 4 |  4.3
Summonings     | 1 |  1.8
Stealth        | |  2.2
Unarmed Combat | |  0.8
Spellcasting   | |  2.1
Conjurations   | |  0.7

Action                   |  1- 3 |  4- 6 || total
-------------------------+-------+-------++-------
Melee: Unarmed           |     5 |       ||     5
       Spear             |    33 |    80 ||   113
       Punch             |       |     1 ||     1
Throw: Dart              |       |     5 ||     5
 Cast: Freeze            |    36 |    47 ||    83
  Use: Scroll            |       |     6 ||     6
       Potion            |       |     1 ||     1
 Stab: Sleeping          |     1 |       ||     1
       Distracted        |       |     2 ||     2
  Eat: Chunk             |     1 |     7 ||     8
Armor: Robe              |    16 |     8 ||    24
       Leather armour    |       |    25 ||    25
Dodge: Dodged            |    45 |    64 ||   109

Table legend:
 A = Non-vault XP
 B = Vault XP
 C = Vault XP percentage of total XP
 D = Non-vault monster count
 E = Vault monster count
 F = Vault count percentage of total count
                 A         B        C        D         E       F
            +---------+---------+-------+---------+---------+-------
      Total |     218 |       3 |   1.4 |      61 |       2 |   3.2
            +---------+---------+-------+---------+---------+-------
        D:1 |      29 |       3 |   9.4 |      14 |       2 |  12.5
        D:2 |     111 |       0 |   0.0 |      22 |       0 |   0.0
        D:3 |      78 |       0 |   0.0 |      25 |       0 |   0.0
            +---------+---------+-------+---------+---------+-------
